 Dungeon Crawl Stone Soup version 0.32-a0-791-gfc315c9ecd (webtiles) character file.

Game seed: 4215197758046739385

861 Xavori the Trooper (level 8, -5/58 HPs)
             Began as a Djinni Chaos Knight on Mar 20, 2024.
             Was a Plaything of Xom.
             Killed from afar by a white imp (13 damage)
             ... with a puff of frost
             ... on level 5 of the Dungeon.
             The game lasted 00:05:45 (4214 turns).

Xavori the Trooper (Djinni Chaos Knight)            Turns: 4214, Time: 00:05:45

Health: -5/58      AC: 10    Str: 14    XL:     8   Next: 22%
Gold:   318        EV: 27    Int: 16    God:    Xom [*.....] SH:  0 Dex: 14

rFire   + + +        a - +0 falchion (chaos)
rCold   x . .        (no shield)
rNeg    . . .        b - +2 leather armour
rPois   ∞            (no helmet)
rElec   .            (no cloak)
rCorr   +            x - +0 pair of gloves
SInv    .            (boots unavailable)
Will    +....        k - amulet of the acrobat
Stlth   +            f - ring of resist corrosion
HPRegen 0.29/turn    s - ring of protection from fire
MPRegen 0.00/turn

%: acrobat, infuse magic (-6 HP)
@: acrobatic, flying
A: sickness immunity, fire resistance 2, cold vulnerability 1, float, innate
caster, HP casting, extra vitality 1, iridescent scales 2, clever 1,
strong-willed 1, strong 1
a: Renounce Religion


You were on level 5 of the Dungeon.
You worshipped Xom.
You were a special plaything of Xom.
You visited 1 branch of the dungeon, and saw 5 of its levels.
You also visited: Sewer.

You collected 318 gold pieces.

Inventory:

Hand Weapons
 a - a +0 falchion of chaos (weapon)
Armour
 b - a +2 leather armour (worn)
 w - a +2 tower shield
 x - a +0 pair of gloves (worn)
Jewellery
 f - a ring of resist corrosion (left hand)
 k - an amulet of the acrobat (around neck)
 s - a ring of protection from fire (right hand)
Wands
 v - a wand of iceblast (2)
 y - a wand of paralysis (21)
Scrolls
 c - a scroll of butterflies
 e - a scroll of torment {unknown}
 g - a scroll of enchant armour {unknown}
 h - 5 scrolls of identify {unknown}
 j - 3 scrolls of amnesia {unknown}
 n - a scroll of teleportation {unknown}
 o - a scroll of brand weapon {unknown}
 p - 2 scrolls of poison {unknown}
 t - a scroll of immolation {unknown}
Potions
 d - a potion of resistance
 i - 2 potions of enlightenment {unknown}
 l - 2 potions of cancellation {unknown}
 m - 3 potions of haste
 q - a potion of invisibility {unknown}
 r - 2 potions of curing {unknown}
 u - 2 potions of lignification {unknown}
 z - a potion of attraction {unknown}


   Skills:
 + Level 4.5 Fighting
 + Level 4.1 Long Blades
 + Level 3.4 Armour
 + Level 4.3 Dodging
 * Level 3.5 Spellcasting
 * Level 3.5 Conjurations
 * Level 3.5 Hexes
   Level 0.0 Charms
 * Level 3.5 Summonings
 * Level 3.5 Necromancy
 * Level 3.5 Translocations
   Level 0.0 Transmutations
 * Level 3.5 Fire Magic
 * Level 3.5 Ice Magic
 * Level 3.5 Air Magic
 * Level 3.5 Earth Magic
 * Level 3.5 Alchemy
 + Level 1.8 Evocations


You knew the following spells:

 Your Spells              Type           Power      Damage    Failure   Level
a - Foxfire               Conj/Fire      56%        2x1d6     5%          1
b - Ensorcelled Hibernat  Hex/Ice        28%        N/A       8%          2
c - Jinxbite              Hex            28%        N/A       8%          2
Your spell library was empty.

Dungeon Overview and Level Annotations

Branches:
Dungeon (5/15)             Temple (0/1) D:4           Sewer (visited)

Altars:
Makhleb


Innate Abilities, Weirdness & Mutations

You are immune to sickness and miasma.
You are immune to poison.
Your flesh is very heat resistant. (rF++)
You are vulnerable to cold. (rC-)
You float through the air rather than walking.
You learn spells naturally, not from books.
Your magical power is your life essence.
You have superior vitality. (+4 MHP)
You are mostly covered in iridescent scales. (AC +4)
Your mind is acute. (Int +4, Str/Dex -1)
You are strong-willed. (Will+)
Your muscles are strong. (Str +4, Int/Dex -1)


Message History

You slash the ufetubus!
You kill the ufetubus!
No target in view!
The white imp shouts!
Key pressed, stopping explore.
No target in view!
Found 20 gold pieces.
Found a stone staircase leading down.
The water moccasin hisses angrily.
There are monsters nearby!
The white imp gestures at you. The puff of frost misses you.
You hit the water moccasin. You freeze the water moccasin.
The water moccasin is lightly wounded.
The water moccasin bites you but does no damage.
The white imp gestures at you. The puff of frost hits you!
You feel a terrible chill!
Xom roars with laughter!
You barely miss the water moccasin.
The water moccasin is lightly wounded.
The orc warrior shouts!
You hear a shout! x2
The water moccasin closely misses you. The white imp barely misses you.
The water moccasin bites you.
You slash the water moccasin! You freeze the water moccasin.
The water moccasin is heavily wounded.
The water moccasin bites you.
The white imp hits you but does no damage.
The water moccasin closely misses you.
An orc comes into view. It is wielding a +0 falchion.
The white imp gestures at you. The puff of frost hits you!
You feel a terrible chill!
* * * LOW HITPOINT WARNING * * *
The white imp gestures at you. The puff of frost hits you!
You feel a terrible chill!
* * * LOW HITPOINT WARNING * * *
The white imp gestures at you. The puff of frost misses you.
The white imp gestures at you. The puff of frost hits you!
You feel a terrible chill!
You die...
Xom laughs nastily!

........ #.........## ##
<....... #.........' ...>.
#....... #.........# #..$.
+....... #.........#
#.#.####.....# #.........#
#.#..........# #.........#
#.#..........#
#.........###.#..........#
#.........@....5####.....#
#.....###.....So.o..$....#
#####.# #......##........#
#.# ######## #.......# #.#
#....... #.# ..... #.#
.... #.#############.....
#....................#


You could see an orc warrior, a water moccasin, a white imp and an orc.

Vanquished Creatures
  Sigmund (D:5)
  A crocodile (Sewer)
  A wolf (D:5)
  A brain worm (Sewer)
  A scorpion (D:5)
  A howler monkey (D:3)
  A bombardier beetle (D:5)
  A jelly (D:5)
  A hound (D:5)
  3 iguanas
  Ijyb (D:4)
  6 adders
  3 gnolls (D:4)
  2 ufetubi (D:5)
  3 ribbon worms
  3 dart slugs
  7 orcs
  8 ball pythons
  15 bats
  7 endoplasms
  7 giant cockroaches
  5 goblins
  8 hobgoblins
  5 kobolds
  2 quokkas
  5 frilled lizards
  6 rats
105 creatures vanquished.

Vanquished Creatures (others)
  An orc (D:4)
  A giant cockroach zombie (D:2)
  A rat zombie (D:1)
3 creatures vanquished.

Grand Total: 108 creatures vanquished

Notes
Turn   | Place    | Note
-------+----------+-------------------------------------------
     0 | D:1      | Xavori the Djinni Chaos Knight began the quest for the Orb.
     0 | D:1      | Reached XP level 1. HP: 20/20 MP: 0/0
    27 | D:1      | XOM: divination: detect creatures
   184 | D:1      | Reached XP level 2. HP: 25/25 MP: 0/0
   329 | D:1      | XOM: give mutations
   329 | D:1      | Gained mutation: You are partially covered in iridescent
                  | scales. (AC +2) [Xom's mischief]
   329 | D:1      | Gained mutation: Your mind is acute. (Int +4, Str/Dex -1)
                  | [Xom's mischief]
   329 | D:1      | Gained mutation: You are strong-willed. (Will+) [Xom's
                  | mischief]
   521 | D:1      | Reached XP level 3. HP: 26/30 MP: 0/0
   521 | D:1      | Learned a level 1 spell: Foxfire
   595 | D:1      | Reached skill level 1 in Spellcasting
   595 | D:1      | Reached skill level 1 in Conjurations
   595 | D:1      | Reached skill level 1 in Hexes
   595 | D:1      | Reached skill level 1 in Summonings
   595 | D:1      | Reached skill level 1 in Necromancy
   595 | D:1      | Reached skill level 1 in Translocations
   595 | D:1      | Reached skill level 1 in Fire Magic
   595 | D:1      | Reached skill level 1 in Ice Magic
   595 | D:1      | Reached skill level 1 in Air Magic
   595 | D:1      | Reached skill level 1 in Earth Magic
   595 | D:1      | Reached skill level 1 in Alchemy
   672 | D:1      | XOM: give mutations
   672 | D:1      | Lost mutation: You are strong-willed. (Will+) [Xom's
                  | mischief]
   672 | D:1      | Gained mutation: Your movements are slightly less
                  | encumbered by armour. (ER -2) [Xom's mischief]
   672 | D:1      | Gained mutation: Your muscles are strong. (Str +4, Int/Dex
                  | -1) [Xom's mischief]
   672 | D:1      | Lost mutation: Your movements are slightly less encumbered
                  | by armour. (ER -2) [Xom's mischief]
   968 | D:2      | XOM: snakes to sticks
   989 | D:2      | XOM: blink monster(s)
   992 | D:2      | Reached XP level 4. HP: 32/35 MP: 0/0
  1537 | D:3      | Found a glowing drain.
  1541 | Sewer    | Entered a sewer
  1558 | Sewer    | Noticed a brain worm
  1569 | Sewer    | Killed a brain worm
  1570 | Sewer    | Reached XP level 5. HP: 33/40 MP: 0/0
  1570 | Sewer    | Learned a level 2 spell: Ensorcelled Hibernation
  1584 | Sewer    | Noticed a crocodile
  1597 | Sewer    | Killed a crocodile
  1598 | Sewer    | Reached XP level 6. HP: 18/47 MP: 0/0
  1733 | Sewer    | XOM: 6-stop teleportation journey
  1971 | D:3      | Found a burning altar of Makhleb.
  1980 | D:3      | XOM: divination: magic mapping
  2014 | D:3      | XOM: silly message
  2306 | D:3      | Found a faded altar of an unknown god.
  2517 | D:4      | Found a staircase to the Ecumenical Temple.
  2551 | D:4      | XOM: smoke on damage
  2634 | D:4      | XOM: silly message
  2637 | D:4      | Noticed Ijyb
  2674 | D:4      | Reached XP level 7. HP: 15/51 MP: 0/0
  2674 | D:4      | Learned a level 2 spell: Jinxbite
  2679 | D:4      | Killed Ijyb
  3107 | D:4      | XOM: noise
  3478 | D:4      | XOM: scenery: 1 doors close
  3675 | D:5      | Entered Level 5 of the Dungeon
  3693 | D:5      | Noticed Sigmund
  3704 | D:5      | Killed Sigmund
  3739 | D:5      | Noticed a water moccasin
  3739 | D:5      | XOM: 2-stop teleportation journey
  3767 | D:5      | XOM: enchant monster (good)
  3775 | D:5      | Reached skill level 1 in Evocations
  3813 | D:5      | XOM: give mutations
  3813 | D:5      | Gained mutation: You are mostly covered in iridescent
                  | scales. (AC +4) [Xom's grace]
  3813 | D:5      | Gained mutation: You are strong-willed. (Will+) [Xom's
                  | grace]
  4017 | D:5      | XOM: destruction
  4026 | D:5      | Reached XP level 8. HP: 48/58 MP: 0/0
  4046 | D:5      | Noticed Pikel
  4052 | D:5      | Pikel changed into Pikel the wolf
  4052 | D:5      | Noticed Pikel
  4052 | D:5      | XOM: polymorph Pikel -> Pikel the wolf
  4056 | D:5      | Killed Pikel the wolf
  4214 | D:5      | Killed from afar by a white imp

Illustrated notes

Levels and vault maps discovered:
D:1:      psy_arrival_dodecagon, layout_basic, chequers_serial_rivers_room_a,
          nicolae_figureground_sparkle
D:2:      layout_rooms, grunt_ministairs_10
D:3:      layout_rooms, mainiacjoe_overflow_24_doors,
          hellmonk_ecumenical_altar_zigzags, gup_sewer_entry_bowl
D:4:      minmay_door_path, layout_gridville, minmay_temple_entry_mini_moons,
          minmay_splitting_lines, uniq_ijyb
D:5:      layout_basic, minmay_misc_feat_enclosed, uniq_sigmund, uniq_pikel

Skill      XL: |  1  2  3  4  5  6  7 |
---------------+----------------------+-----
Spellcasting   | 1 2 3 |  3.5
Conjurations   | 1 2 3 |  3.5
Hexes          | 1 2 3 |  3.5
Summonings     | 1 2 3 |  3.5
Necromancy     | 1 2 3 |  3.5
Translocations | 1 2 3 |  3.5
Fire Magic     | 1 2 3 |  3.5
Ice Magic      | 1 2 3 |  3.5
Air Magic      | 1 2 3 |  3.5
Earth Magic    | 1 2 3 |  3.5
Alchemy        | 1 2 3 |  3.5
Long Blades    | 3 4 |  4.1
Armour         | 2 3 |  3.4
Dodging        | 3 4 |  4.3
Fighting       | 4 |  4.5
Evocations     | 1 |  1.8

Action                     |  1- 3 |  4- 6 |  7- 9 || total
---------------------------+-------+-------+-------++-------
  Melee: Falchion          |   123 |   206 |   124 ||   453
   Cast: Ensorcelled Hiber |       |     1 |       ||     1
         Jinxbite          |       |       |     2 ||     2
    Use: Potion            |       |     1 |       ||     1
   Stab: Sleeping          |     2 |     1 |     1 ||     4
         Confused          |       |     2 |     1 ||     3
         Distracted        |       |     1 |       ||     1
         Paralysed         |       |       |     6 ||     6
 Armour: Leather armour    |   108 |   146 |    83 ||   337
  Dodge: Dodged            |   120 |   198 |   104 ||   422

Table legend: (Time is in decaauts)
 A = Elapsed time spent in this place.
 B = Non-inter-level travel time spent in this place.
 C = Inter-level travel time spent in this place.
 D = Time resting spent in this place.
 E = Time spent auto-exploring this place.
 F = Levels seen in this place.
 G = Mean time per level.
                   A        B        C        D        E       F      G
               +--------+--------+--------+--------+--------+-----+--------+
         Total |   4273 |   4062 |    211 |    333 |   2763 |   6 |  712.2 |
       Dungeon |   4070 |   3859 |    211 |    333 |   2639 |   5 |  814.0 |
         Sewer |    202 |    202 |      0 |      0 |    124 |   1 |  202.0 |
               +--------+--------+--------+--------+--------+-----+--------+

Top non-repeatable levels by time:
     D:4: 1286 daAuts
     D:1: 978 daAuts
     D:3: 780 daAuts
     D:5: 547 daAuts
     D:2: 477 daAuts
   Sewer: 202 daAuts
